ESL (28 & UNDER)
BUFFALO LIGHTSABRES @ NEWARK BULLDOGS
04/12/2025
 
TOP OF THE 1ST
Buffalo LightSabres batting - Pitching for Newark Bulldogs : LHP Ben Couch
Pitching: LHP Ben Couch
Batting: RHB Pedro Carranza 0-0: Called Strike
0-1: Ground out 6-3 (Groundball, 6)
Batting: LHB Paul Alston 0-0: Foul Ball, location: 2F
0-1: Ball
1-1: Ball
2-1: SINGLE (Groundball, 34D)
Batting: RHB Naomi Kitamura 0-0: Ball
1-0: Called Strike
1-1: Ball
2-1: Foul Ball, location: 2F
2-2: Foul Ball, location: 2F
2-2: Strikes out swinging
Batting: LHB Jarrod O'Milford 0-0: Ball
1-0: Called Strike
1-1: Foul Ball, location: 2F
1-2: Foul Ball, location: 2F
1-2: Ball
Paul Alston steals 2nd base
2-2: Strikes out swinging
Top of the 1st over - 0 run(s), 1 hit(s), 0 error(s), 1 left on base; Buffalo 0 - Newark 0
BOTTOM OF THE 1ST
Newark Bulldogs batting - Pitching for Buffalo LightSabres : LHP Landon Day
Pitching: LHP Landon Day
Batting: SHB Nick Marshall 0-0: Ball
1-0: Ball
2-0: Called Strike
2-1: Fly out, F8 (Flyball, 89D)
Batting: RHB Peter Sexton 0-0: Ball
1-0: Called Strike
1-1: Hit by Pitch
Batting: RHB Rob Bass 0-0: Called Strike
0-1: Ball
1-1: Ball
2-1: Foul Ball, location: 2F
2-2: Hit by Pitch
Peter Sexton to second
Batting: LHB Lee Burton 0-0: Foul Ball, location: 2F
0-1: Foul Ball, location: 2F
0-2: Ball
1-2: Ball
2-2: Foul Ball, location: 2F
2-2: Ball
3-2: 3-RUN HOME RUN (Line Drive, 9D), Distance : 380 ft
Batting: RHB Jonas Uttley 0-0: Ball
1-0: Called Strike
1-1: Ball
2-1: Ball
3-1: Foul Ball, location: 2F
3-2: Base on Balls
Batting: RHB Leonardo Pinto 0-0: Ball
1-0: Fly out, F8 (Line Drive, 8RM)
Batting: LHB José Franco 0-0: Ball
1-0: Ball
2-0: Foul Ball, location: 2F
2-1: Ground out U3 (Groundball, 3S)
Bottom of the 1st over - 3 run(s), 1 hit(s), 0 error(s), 1 left on base; Buffalo 0 - Newark 3
TOP OF THE 2ND
Buffalo LightSabres batting - Pitching for Newark Bulldogs : LHP Ben Couch
Batting: RHB Keith Sims 0-0: Ball
1-0: Ball
2-0: Called Strike
2-1: Foul Ball, location: 2F
2-2: Ball
3-2: Foul Ball, location: 2F
3-2: Base on Balls
Batting: RHB Salvador González 0-0: Ball
Keith Sims is caught stealing 2nd base
1-0: Ball
2-0: Called Strike
2-1: Called Strike
2-2: Foul Ball, location: 2F
2-2: Strikes out swinging
Batting: LHB Sean Nicks 0-0: Ball
1-0: Fly out, F6 (Line Drive, 6)
Top of the 2nd over - 0 run(s), 0 hit(s), 0 error(s), 0 left on base; Buffalo 0 - Newark 3
BOTTOM OF THE 2ND
Newark Bulldogs batting - Pitching for Buffalo LightSabres : LHP Landon Day
Batting: LHB Rocky Whitcomb 0-0: Fly out, F9 (Flyball, 89M)
Batting: RHB Carl Byrd 0-0: Ball
1-0: Ball
2-0: Called Strike
2-1: Called Strike
2-2: Hit by Pitch
Batting: SHB Nick Marshall 0-0: Ball
Carl Byrd is caught stealing 2nd base
1-0: Ball
2-0: Ball
3-0: Foul Ball, location: 2F
3-1: Base on Balls
Batting: RHB Peter Sexton 0-0: Called Strike
0-1: Ball
1-1: Called Strike
1-2: 2-RUN HOME RUN (Flyball, 8RXD), Distance : 423 ft
Batting: RHB Rob Bass 0-0: Ball
1-0: Called Strike
1-1: SOLO HOME RUN (Line Drive, 78XD), Distance : 402 ft
Batting: LHB Lee Burton 0-0: Ball
1-0: Foul Ball, location: 2F
1-1: Swinging Strike
1-2: Foul Ball, location: 2F
1-2: Ball
2-2: Ball
3-2: SINGLE (Line Drive, 6MD)
Batting: RHB Jonas Uttley 0-0: Called Strike
0-1: Ball
1-1: Ball
2-1: Ball
3-1: Base on Balls
Lee Burton to second
Batting: RHB Leonardo Pinto 0-0: Ball
1-0: Swinging Strike
1-1: Ball
2-1: Ball
3-1: Base on Balls
Lee Burton to third
Jonas Uttley to second
Batting: LHB José Franco 0-0: Called Strike
0-1: Ball
1-1: SINGLE (Flyball, 89S)
Lee Burton scores
Jonas Uttley to third
Leonardo Pinto to second
Runner from 3rd tries for Home, SAFE, no throw or cutoff
Pitching: RHP Pat Monroe
Batting: LHB Rocky Whitcomb 0-0: Ball
1-0: DOUBLE (Groundball, 5L)
Leonardo Pinto scores
José Franco to third
Runner from 3rd tries for Home, SAFE, no throw or cutoff
Batting: RHB Carl Byrd 0-0: Foul Ball, location: 2F
0-1: DOUBLE (Groundball, 3L)
Rocky Whitcomb scores
Batting: SHB Nick Marshall 0-0: Ball
Wild Pitch!
Carl Byrd to third
1-0: Ball
2-0: Foul Ball, location: 2F
2-1: Foul Ball, location: 2F
2-2: Strikes out swinging
Bottom of the 2nd over - 8 run(s), 6 hit(s), 0 error(s), 1 left on base; Buffalo 0 - Newark 11
TOP OF THE 3RD
Buffalo LightSabres batting - Pitching for Newark Bulldogs : LHP Ben Couch
Batting: RHB Merlin Morris 0-0: Swinging Strike
0-1: SINGLE (Groundball, 5D)
Batting: RHB Jorge Castillo 0-0: Ball
1-0: Ball
2-0: Called Strike
2-1: Fielders Choice at 2nd, 5-4 (Groundball, 56)
Batting: RHB Pedro Carranza 0-0: Called Strike
Jorge Castillo steals 2nd base
0-1: Ball
1-1: Ball
2-1: Foul Ball, location: 2F
2-2: Strikes out swinging
Batting: LHB Paul Alston 0-0: Ball
1-0: Fly out, F3 (Popup, 34S)
Top of the 3rd over - 0 run(s), 1 hit(s), 0 error(s), 1 left on base; Buffalo 0 - Newark 11
BOTTOM OF THE 3RD
Newark Bulldogs batting - Pitching for Buffalo LightSabres : RHP Pat Monroe
Batting: RHB Peter Sexton 0-0: Ball
1-0: Ground out 5-3 (Groundball, 56)
Batting: RHB Rob Bass 0-0: Ball
1-0: Ball
2-0: Ball
3-0: Base on Balls
Batting: LHB Lee Burton 0-0: Ball
1-0: 2-RUN HOME RUN (Flyball, 9D), Distance : 369 ft
Batting: RHB Jonas Uttley 0-0: Ball
1-0: Fly out, F8 (Flyball, 8RXD)
Batting: RHB Leonardo Pinto 0-0: Foul Ball, location: 2F
0-1: Ball
1-1: SINGLE (Groundball, 5L)
Batting: LHB José Franco 0-0: SINGLE (Groundball, 6MD)
Leonardo Pinto to second
Batting: LHB Rocky Whitcomb 0-0: Ball
1-0: Ball
2-0: Foul Ball, location: 2F
2-1: Ball
3-1: Swinging Strike
3-2: Base on Balls
Leonardo Pinto to third
José Franco to second
Batting: RHB Carl Byrd 0-0: Ball
1-0: SINGLE (Line Drive, 7S)
Leonardo Pinto scores
José Franco to third
Rocky Whitcomb to second
Runner from 3rd tries for Home, SAFE, no throw or cutoff
Pitching: RHP Sloan Otto
Batting: SHB Nick Marshall 0-0: Ball
1-0: Swinging Strike
1-1: Ball
2-1: TRIPLE (Line Drive, 8LM)
Rocky Whitcomb scores
Carl Byrd scores
Batting: RHB Peter Sexton 0-0: Ball
Passed Ball!
Nick Marshall scores
1-0: Called Strike
1-1: DOUBLE (Line Drive, 89M)
Batting: RHB Rob Bass 0-0: Foul Ball, location: 2F
0-1: Fly out, F7 (Flyball, 7M)
Bottom of the 3rd over - 7 run(s), 6 hit(s), 0 error(s), 1 left on base; Buffalo 0 - Newark 18
TOP OF THE 4TH
Buffalo LightSabres batting - Pitching for Newark Bulldogs : LHP Ben Couch
Batting: RHB Naomi Kitamura 0-0: Ball
1-0: Called Strike
1-1: Ball
2-1: Foul Ball, location: 2F
2-2: Foul Ball, location: 2F
2-2: Reached on error, E5 (Groundball, 56)
Batting: LHB Jarrod O'Milford 0-0: Called Strike
0-1: Ball
1-1: Grounds into double play, 6-4-3 (Groundball, 6)
Batting: RHB Keith Sims 0-0: Ball
1-0: Called Strike
1-1: Ball
2-1: Ball
3-1: Swinging Strike
3-2: Strikes out swinging
Top of the 4th over - 0 run(s), 0 hit(s), 1 error(s), 0 left on base; Buffalo 0 - Newark 18
BOTTOM OF THE 4TH
Newark Bulldogs batting - Pitching for Buffalo LightSabres : RHP Sloan Otto
Batting: LHB Lee Burton 0-0: Ball
1-0: Ground out 5-3 (Groundball, 5)
Batting: RHB Jonas Uttley 0-0: Ball
1-0: DOUBLE (Line Drive, 7LD)
Batting: RHB Leonardo Pinto 0-0: Called Strike
0-1: Called Strike
0-2: Ball
1-2: Ball
2-2: Strikes out swinging
Batting: LHB José Franco 0-0: Ball
1-0: Foul Ball, location: 2F
1-1: Ball
2-1: Fly out, F7 (Flyball, 7M)
Bottom of the 4th over - 0 run(s), 1 hit(s), 0 error(s), 1 left on base; Buffalo 0 - Newark 18
TOP OF THE 5TH
Buffalo LightSabres batting - Pitching for Newark Bulldogs : LHP Ben Couch
Batting: RHB Salvador González 0-0: Foul Ball, location: 2F
0-1: Foul Ball, location: 2F
0-2: Strikes out looking
Batting: LHB Sean Nicks 0-0: Called Strike
0-1: Fly out, F9 (Flyball, 89XD)
Batting: RHB Merlin Morris 0-0: Ground out 5-3 (Groundball, 56)
Top of the 5th over - 0 run(s), 0 hit(s), 0 error(s), 0 left on base; Buffalo 0 - Newark 18
BOTTOM OF THE 5TH
Newark Bulldogs batting - Pitching for Buffalo LightSabres : RHP Sloan Otto
Batting: LHB Rocky Whitcomb 0-0: Called Strike
0-1: Fly out, F9 (Line Drive, 9M)
Batting: RHB Carl Byrd 0-0: Foul Ball, location: 2F
0-1: Ball
1-1: Swinging Strike
1-2: Foul Ball, location: 2F
1-2: Ball
2-2: Foul Ball, location: 2F
2-2: Strikes out looking
Batting: SHB Nick Marshall 0-0: Ball
1-0: Ball
2-0: Foul Ball, location: 2F
2-1: Called Strike
2-2: Strikes out swinging
Bottom of the 5th over - 0 run(s), 0 hit(s), 0 error(s), 0 left on base; Buffalo 0 - Newark 18
TOP OF THE 6TH
Buffalo LightSabres batting - Pitching for Newark Bulldogs : LHP Ben Couch
Batting: RHB Jorge Castillo 0-0: Fly out, F8 (Line Drive, 8RM)
Batting: RHB Pedro Carranza 0-0: Called Strike
0-1: Ball
1-1: SINGLE (Groundball, 6MD) (infield hit)
Batting: LHB Paul Alston 0-0: Called Strike
0-1: Swinging Strike
0-2: Strikes out swinging
Batting: RHB Naomi Kitamura 0-0: Called Strike
0-1: Foul Ball, location: 2F
0-2: Ball
1-2: Ball
2-2: Ball
3-2: Ground out 5-3 (Groundball, 5)
Top of the 6th over - 0 run(s), 1 hit(s), 0 error(s), 1 left on base; Buffalo 0 - Newark 18
BOTTOM OF THE 6TH
Newark Bulldogs batting - Pitching for Buffalo LightSabres : RHP Sloan Otto
Batting: RHB Peter Sexton 0-0: Ground out 5-3 (Groundball, 56)
Pitching: RHP Gavin Robbins
Batting: RHB Rob Bass 0-0: Ball
1-0: DOUBLE (Groundball, 5L)
Batting: LHB Lee Burton 0-0: Ball
1-0: Foul Ball, location: 2F
1-1: Foul Ball, location: 2F
1-2: Ball
Wild Pitch!
Rob Bass to third
2-2: Ball
3-2: Foul Ball, location: 2F
3-2: Foul Ball, location: 2F
3-2: Base on Balls
Batting: RHB Jonas Uttley 0-0: Ball
1-0: SINGLE (Line Drive, 34)
Rob Bass scores
Lee Burton to second
Throwing error, E9
Lee Burton scores
Jonas Uttley to second
Batting: RHB Leonardo Pinto 0-0: Ball
1-0: Ground out 4-3 (Groundball, 4M)
Jonas Uttley to third
Batting: LHB José Franco 0-0: Ground out U3 (Groundball, 3L)
Bottom of the 6th over - 2 run(s), 2 hit(s), 1 error(s), 1 left on base; Buffalo 0 - Newark 20
TOP OF THE 7TH
Buffalo LightSabres batting - Pitching for Newark Bulldogs : LHP Ben Couch
Batting: LHB Jarrod O'Milford 0-0: Ball
1-0: Ball
2-0: SINGLE (Line Drive, 4MD)
Batting: RHB Keith Sims 0-0: Ball
1-0: Ball
2-0: Ball
3-0: Base on Balls
Jarrod O'Milford to second
Batting: RHB Salvador González 0-0: Hit by Pitch
Jarrod O'Milford to third
Keith Sims to second
Batting: LHB Sean Nicks 0-0: Called Strike
0-1: Ball
1-1: Ball
2-1: Foul Ball, location: 2F
2-2: Foul Ball, location: 2F
2-2: DOUBLE (Flyball, 78D)
Jarrod O'Milford scores
Keith Sims scores
Salvador González to third
Pitching: RHP Russ Brown
Batting: RHB Merlin Morris 0-0: Ball
1-0: Ball
2-0: DOUBLE (Groundball, 5L)
Salvador González scores
Sean Nicks scores
Batting: RHB Jorge Castillo 0-0: Ball
1-0: Fly out, F9 (Flyball, 89M)
Batting: RHB Pedro Carranza 0-0: Ball
1-0: SINGLE (Flyball, 6MD)
Merlin Morris to third
Runner from 3rd tries for Home, SAFE, throw made home
Pedro Carranza to second
Batting: LHB Paul Alston 0-0: Ball
Pedro Carranza steals 3rd base
1-0: Foul Ball, location: 2F
1-1: Foul Ball, location: 2F
1-2: Ball
Wild Pitch!
Pedro Carranza scores
2-2: Foul Ball, location: 2F
2-2: Fly out, F4 (Line Drive, 4MS)
Batting: RHB Naomi Kitamura 0-0: DOUBLE (Flyball, 78D)
Batting: LHB Jarrod O'Milford 0-0: Ball
1-0: Foul Ball, location: 2F
1-1: Called Strike
1-2: Fly out, F3 (Popup, 23F)
Top of the 7th over - 6 run(s), 5 hit(s), 0 error(s), 1 left on base; Buffalo 6 - Newark 20
BOTTOM OF THE 7TH
Newark Bulldogs batting - Pitching for Buffalo LightSabres : RHP Gavin Robbins
Batting: LHB Rocky Whitcomb 0-0: Ground out 4-3 (Groundball, 4)
Batting: RHB Carl Byrd 0-0: SINGLE (Groundball, 6MD)
Batting: SHB Nick Marshall 0-0: Ball
1-0: Ball
2-0: Called Strike
2-1: Ball
3-1: Called Strike
3-2: Fly out, F7 (Flyball, 7LM)
3-2: Fly out, F7 (Flyball, 7LM)
Batting: RHB Peter Sexton 0-0: Ground out 6-3 (Groundball, 6)
Bottom of the 7th over - 0 run(s), 1 hit(s), 0 error(s), 1 left on base; Buffalo 6 - Newark 20
TOP OF THE 8TH
Buffalo LightSabres batting - Pitching for Newark Bulldogs : RHP Russ Brown
Batting: RHB Keith Sims 0-0: Ball
1-0: Ball
2-0: Ball
3-0: Base on Balls
Batting: RHB Salvador González 0-0: Ball
1-0: Called Strike
1-1: Foul Ball, location: 2F
1-2: Foul Ball, location: 2F
1-2: Foul Ball, location: 2F
1-2: Ball
2-2: Strikes out swinging
Batting: LHB Sean Nicks 0-0: Foul Ball, location: 2F
0-1: Ground out U3 (Groundball, 3)
Keith Sims to second
Batting: RHB Merlin Morris 0-0: Ball
1-0: Called Strike
1-1: Swinging Strike
1-2: Ball
2-2: Strikes out swinging
Top of the 8th over - 0 run(s), 0 hit(s), 0 error(s), 1 left on base; Buffalo 6 - Newark 20
BOTTOM OF THE 8TH
Newark Bulldogs batting - Pitching for Buffalo LightSabres : RHP Gavin Robbins
Batting: RHB Rob Bass 0-0: Called Strike
0-1: Ball
1-1: Ball
2-1: Ball
3-1: SINGLE (Flyball, 9LS)
Batting: LHB Lee Burton 0-0: Ball
1-0: Ball
2-0: Swinging Strike
2-1: Ball
3-1: Base on Balls
Rob Bass to second
Batting: RHB Jonas Uttley 0-0: Called Strike
0-1: Ball
1-1: Foul Ball, location: 2F
1-2: Foul Ball, location: 2F
1-2: Grounds into double play, 6-4-3 (Groundball, 6)
Rob Bass to third
Pinch Hitting: RHB Perry Henry 0-0: Ball
1-0: SINGLE (Line Drive, 89M)
Rob Bass scores
Pitching: RHP John Thompson
Batting: LHB José Franco 0-0: Reached on Error, E6 (Popup, 4M)
Perry Henry to second
Batting: LHB Rocky Whitcomb 0-0: Ball
1-0: Foul Ball, location: 2F
1-1: Swinging Strike
1-2: Hit by Pitch
Perry Henry to third
José Franco to second
Batting: RHB Carl Byrd 0-0: Ball
1-0: Foul Ball, location: 2F
1-1: Ball
2-1: Ball
3-1: Base on Balls
Perry Henry scores
José Franco to third
Rocky Whitcomb to second
Batting: SHB Nick Marshall 0-0: Ball
1-0: Foul Ball, location: 2F
1-1: Ball
2-1: Ball
3-1: Foul Ball, location: 2F
3-2: Fly out, F5 (Line Drive, 56)
Bottom of the 8th over - 2 run(s), 2 hit(s), 1 error(s), 3 left on base; Buffalo 6 - Newark 22
TOP OF THE 9TH
Buffalo LightSabres batting - Pitching for Newark Bulldogs : RHP Russ Brown
Now at 2B: Emílio Salas
Batting: RHB Jorge Castillo 0-0: Called Strike
0-1: Swinging Strike
0-2: Fly out, F1 (Line Drive, 15)
Batting: RHB Pedro Carranza 0-0: Called Strike
0-1: Foul Ball, location: 2F
0-2: Ball
1-2: Foul Ball, location: 2F
1-2: Foul Ball, location: 2F
1-2: Reached on error, E5 (Groundball, 56)
Batting: LHB Paul Alston 0-0: Called Strike
0-1: Fly out, F7 (Line Drive, 7M)
Batting: RHB Naomi Kitamura 0-0: Ball
1-0: Foul Ball, location: 2F
1-1: Swinging Strike
1-2: Ball
2-2: Fly out, F8 (Flyball, 8RD)
Top of the 9th over - 0 run(s), 0 hit(s), 1 error(s), 1 left on base; Buffalo 6 - Newark 22
This league is powered by Out of the Park Baseball, the baseball management simulation game for PC, Mac and Linux
Tuesday, August 2nd, 2016 - OOTP Baseball 16.8 Build 38